 Dungeon Crawl Stone Soup version 0.29.0-5-ge4962eb29e (webtiles) character file.

Game seed: 66113762575439148

19 RascalDebosk the Grave Robber (level 2, 0/19 HPs)
             Began as a Human Necromancer on Aug 28, 2022.
             Slain by a jackal (1 damage)
             ... on level 1 of the Dungeon.
             The game lasted 00:07:01 (548 turns).

RascalDebosk the Grave Robber (Human Necromancer)    Turns: 548, Time: 00:07:01

Health: 0/19       AC:  2    Str:  8    XL:     2   Next: 95%
Magic:  1/5        EV: 12    Int: 15    God:
Gold:   10         SH:  0    Dex: 13    Spells: 4/5 levels left

rFire   . . .      SeeInvis .   (no weapon)
rCold   . . .      Faith    .   (no shield)
rNeg    . . .      Spirit   .   a - +0 robe
rPois   .          Reflect  .   (no helmet)
rElec   .          Harm     .   (no cloak)
rCorr   .          Rampage  .   (no gloves)
Will    .....                   (no boots)
Stlth   ++........              (no amulet)
HPRegen 0.06/turn               (no ring)
MPRegen 0.09/turn               (no ring)

@: no status effects
A: no striking features
a: no special abilities


You were on level 1 of the Dungeon.
You visited 1 branch of the dungeon, and saw 1 of its levels.

You collected 10 gold pieces.

Inventory:

Armour
 a - a +0 robe (worn)
Jewellery
 d - an amulet of faith
Potions
 b - a potion of magic
 c - a potion of mutation {unknown}


   Skills:
 + Level 0.7 Armour
 + Level 2.2 Dodging
 + Level 2.3 Stealth
 + Level 2.2 Spellcasting
 + Level 4.1 Necromancy


You had 4 spell levels left.
You knew the following spells:

 Your Spells              Type           Power      Damage    Failure   Level
a - Necrotise             Necr           56%        1d6       4%          1

Your spell library contained the following spells:

 Spells                   Type           Power      Damage    Failure   Level
 Vampiric Draining        Necr           14%        2d7       12%         3
 Animate Dead             Necr           14%        N/A       36%         4
 Agony                    Necr           14%        N/A       73%         5


Dungeon Overview and Level Annotations

Branches:
Dungeon (1/15)

Altars:


Message History

Aim: a jackal (chance to affect: 84%)
The jackal writhes in agony.
Something bites your jackal skeleton. The jackal bites you.
Your jackal skeleton bites the jackal.
The jackal dies!
The dart slug launches a dart at you. The slug dart hits you.
You don't have enough magic to cast this spell.
Unknown command.
Something bites your jackal skeleton.
A jackal comes into view.
Your jackal skeleton bites the dart slug.
Something bites your jackal skeleton.
Your jackal skeleton is destroyed!
The dart slug launches a dart at you. The slug dart hits you.
Aiming: Necrotise (safe; 4% risk of failure)
Press: ? - help, Q - select action Shift-Dir - straight line, f - jackal
Aim: a jackal (chance to affect: 84%)
The jackal writhes in agony.
The jackal attacks as you move away! The jackal barely misses you.
The jackal bites you. The jackal attacks as you move away!
The jackal closely misses you. The jackal bites you.
* * * LOW HITPOINT WARNING * * *
The jackal attacks as you move away! The jackal barely misses you.
Aiming: Necrotise (safe; 4% risk of failure)
Press: ? - help, Q - select action Shift-Dir - straight line, f/p - jackal
Aim: a jackal (moderately wounded, chance to affect: 84%)
The jackal writhes in agony.
The jackal closely misses you.
The jackal bites you but does no damage.
There is an open door here.
The jackal bites you.
* * * LOW HITPOINT WARNING * * *
The jackal attacks as you move away! The jackal completely misses you.
The jackal attacks as you move away! The jackal bites you.
* * * LOW HITPOINT WARNING * * *
The jackal bites you.
You die...

#........#......#.....#
##...w....########.....##
#.......#.# #.......
#.......#.# ##.......
#.......#.# #........
#.......#.# #........
#####'###.# #..).....
#.###.#######.#.#...#
#..h@.......#.#.###.#
####........#.#......
#........#.#.##.##
#........#........
########.....#....
#.....##)#####....
#.#.).....##.....#
#...#.....##.###.#
###.#####.##......


You could see a jackal.

Vanquished Creatures
  A bat (D:1)
  An endoplasm (D:1)
  A giant cockroach (D:1)
  3 goblins (D:1)
  A hobgoblin (D:1)
  A jackal (D:1)
  A quokka (D:1)
  2 frilled lizards (D:1)
  5 rats (D:1)
16 creatures vanquished.

Vanquished Creatures (collateral kills)
  An endoplasm (D:1)
  A jackal (D:1)
2 creatures vanquished.

Vanquished Creatures (others)
  A plant (D:1)
1 creature vanquished.

Grand Total: 19 creatures vanquished

Notes
Turn   | Place    | Note
-------+----------+-------------------------------------------
     0 | D:1      | RascalDebosk the Human Necromancer began the quest for the
                  | Orb.
     0 | D:1      | Reached XP level 1. HP: 13/13 MP: 3/3
   240 | D:1      | Reached XP level 2. HP: 19/19 MP: 1/5
   548 | D:1      | Slain by a jackal

Illustrated notes

Levels and vault maps discovered:
D:1:      onia_arrival_mini_maze, layout_basic

Action                   || total
-------------------------++-------
Melee: Unarmed           ||    11
 Cast: Necrotise         ||    31
Armor: Robe              ||    19
Dodge: Dodged            ||    42
